AoeStats
← Ze taboca5485

Black Forest

510417800Analyzed
2v2 RM · 1d ago on Sep 30, 2026· 69m 38s· 4 players
Game mode
Random Map
Map size
Medium (4 player)
Population
200
Speed
Normal
Resources
Standard
Victory
Conquest
Starting age
Dark Age
Ending age
Imperial Age
RankedLock teamsTeams togetherTeam positionsShared explorationLock speedFull tech treeHidden civsTurbo modeCheats
Victory
Defeat
🇧🇷 Cumans · Brazil
680
+21
🇧🇷 Aztecs · Brazil
650
+22
🇬🇧 Koreans · United Kingdom
849
-23
🇪🇸 Britons · Spain
752
-20
Dad16456
10:57 Feudal Age
11:24 Loom
12:16 Wheelbarrow
18:38 Castle Age
17:19 Stone Mining
20:02 Hand Cart
20:51 Fletching
Alquimista_Latino
2:03 Loom
14:17 Feudal Age
21:07 Castle Age
21:16 Wheelbarrow
20:42 Town Watch
21:38 Scale Barding Armor
21:45 Forging
44:53 Fletching
45:05 Padded Archer Armor
50:49 Double-Bit Axe
Ze taboca5485
6:48 Loom
13:39 Feudal Age
14:02 Man-at-Arms
18:34 Arson
36:49 Castle Age
37:41 Wheelbarrow
49:54 Pikeman
50:35 Squires
53:13 Hand Cart
54:10 Gold Mining
54:12 Double-Bit Axe
54:15 Horse Collar
55:30 Capped Ram
56:38 Heavy Plow
56:50 Bow Saw
57:18 Gold Shaft Mining
62:32 Imperial Age
67:28 Spies/Treason
halou157
13:14 Feudal Age
14:51 Double-Bit Axe
16:05 Arson
15:41 Man-at-Arms
16:24 Horse Collar
18:16 Scale Mail Armor
19:03 Forging
20:45 Town Watch
23:58 Fletching
25:34 Padded Archer Armor
28:02 Castle Age
28:03 Loom
31:56 Wheelbarrow
32:08 Gold Mining
37:27 Hand Cart
37:57 Stone Mining
38:15 Heavy Plow
48:41 Imperial Age
48:47 Atlatl
49:57 Conscription
49:30 Long Swordsman
49:56 Gambesons
50:44 Elite Skirmisher
52:14 Leather Archer Armor
51:55 Bodkin Arrow
51:26 Elite Jaguar Warrior
52:27 Garland Wars
53:07 Two-Handed Swordsman
54:06 Chain Mail Armor
54:39 Capped Ram
60:37 Bow Saw
60:22 Eagle Warrior
60:32 Champion
62:26 Iron Casting
62:21 Plate Mail Armor
61:52 Bracer
64:54 Spies/Treason
67:38 Siege Ram
Connection lost

Rejoining the realm…

Still unreachable

The connection could not be restored.

Session expired

The server has moved on; the page needs a fresh start.